AoeStats
← Master.L

Arabia

510412254Analyzed
1v1 RM · 2d ago on Sep 30, 2026· 32m 59s· 2 players
Game mode
Random Map
Map size
Tiny (2 player)
Population
200
Speed
Normal
Resources
Standard
Victory
Conquest
Starting age
Dark Age
Ending age
Imperial Age
RankedLock teamsTeams togetherTeam positionsShared explorationLock speedFull tech treeHidden civsTurbo modeCheats
Victory
Defeat
🇨🇳 Mongols · China
974
+15
🇪🇸 Byzantines · Spain
961
-15
adrisua88
9:41 Feudal Age
9:22 Loom
10:12 Double-Bit Axe
13:19 Wheelbarrow
16:26 Scale Mail Armor
18:28 Horse Collar
19:10 Scale Barding Armor
20:23 Fletching
23:48 Forging
26:56 Castle Age
27:55 Bodkin Arrow
28:14 Bow Saw
32:16 Elite Skirmisher
Master.L
8:20 Loom
10:06 Feudal Age
10:37 Man-at-Arms
12:36 Double-Bit Axe
17:13 Wheelbarrow
21:31 Castle Age
20:31 Fletching
23:04 Bodkin Arrow
27:38 Padded Archer Armor
29:26 Bloodlines
29:17 Husbandry
Connection lost

Rejoining the realm…

Still unreachable

The connection could not be restored.

Session expired

The server has moved on; the page needs a fresh start.